 Dungeon Crawl Stone Soup version 0.20-a0-1078-g4874019 (webtiles) character file.

12525 FastMan the Cleaver (level 11, -3/114 HPs)
             Began as a Gargoyle Berserker on May 1, 2017.
             Was a High Priest of Trog.
             Slain by a yak (7 damage)
             ... on level 2 of the Lair of Beasts.
             The game lasted 00:08:09 (8732 turns).

FastMan the Cleaver (Gargoyle Berserker)            Turns: 8732, Time: 00:08:09

Health: -3/114     AC: 25    Str: 26    XL:     11   Next: 94%
Magic:  11/11      EV:  9    Int:  9    God:    Trog [*****.]
Gold:   858        SH:  0    Dex: 11    Spells: 10/10 levels left

rFire    . . .     SeeInvis .   C - +3 battleaxe
rCold    . . .     Gourm    .   (shield currently unavailable)
rNeg     + . .     Faith    .   l - +0 chain mail
rPois    ∞         Spirit   .   b - +2 hat
rElec    +         Reflect  .   (no cloak)
rCorr    .         Harm     +   t - +2 pair of gloves
MR       .....                  z - +2 pair of boots
Stlth    ..........             n - amulet of harm
Regen    0.3/turn               (no ring)
MPRegen  0.2/turn               (no ring)

@: berserking, very quick
A: negative energy resistance 1, electricity resistance, unbreathing,
petrification resistance, rot immunity, AC +7
a: Berserk, Trog's Hand, Brothers in Arms, Burn Spellbooks, Renounce Religion


You were on level 2 of the Lair of Beasts.
You worshipped Trog.
Trog was extremely pleased with you.
You were very hungry.

You visited 3 branches of the dungeon, and saw 12 of its levels.

You collected 858 gold pieces.

Inventory:

Hand Weapons
 C - a +3 battleaxe (weapon)
Armour
 b - a +2 hat (worn)
 l - a +0 chain mail (worn)
 t - a +2 pair of gloves (worn)
 z - a +2 pair of boots (worn)
Jewellery
 n - an amulet of harm (around neck)
Scrolls
 d - 6 scrolls of remove curse {@r2}
 e - 4 scrolls of immolation
 f - 6 scrolls of enchant armour
 h - a scroll of amnesia {unknown}
 j - 4 scrolls of teleportation {@r3}
 k - a scroll of vulnerability {unknown}
 x - 3 scrolls of blinking {@r4}
 y - a scroll of magic mapping
 A - 2 scrolls of fog
Potions
 a - a potion of curing {@q1}
 m - 3 potions of agility {@q5}
 q - 5 potions of flight
 r - a potion of ambrosia
 s - 5 potions of brilliance {unknown}
 u - a potion of heal wounds {@q2}
 v - 3 potions of might {unknown}
 F - a potion of haste {@q3}
 G - a potion of resistance
Comestibles
 c - 4 bread rations {@e1}
 g - 3 royal jellies {@e3}
 i - 7 meat rations {@e2}
 o - 3 fruits {@e4}


   Skills:
 + Level 11.9 Fighting
 * Level 13.7 Axes
 + Level 3.5 Armour
 - Level 1.5 Dodging


You had 10 spell levels left.
You didn't know any spells.

Dungeon Overview and Level Annotations

Branches:
Dungeon (9/15)             Temple (0/1) D:4            Lair (2/6) D:9
  Swamp (0/4) Lair:2          Orc (1/2) D:9
  Snake: Lair:2-4    Spider: Lair:2-4

Altars:
Ashenzari
Kikubaaqudgha
Nemelex Xobeh
Okawaru
Qazlal
Yredelemnul
The Shining One

Portals:
Ossuary: D:4

Annotations:
D:5 5 runed doors


Innate Abilities, Weirdness & Mutations

You are resistant to torment.
Your stone body is resilient. (AC +7)
You are immune to poison.
You resist negative energy. (rN+)
You are resistant to electric shocks. (rElec)
You can survive without breathing.
You are immune to petrification.
You are immune to rotting.


Message History

You slice one of the 15-headed hydra's heads off!
The 14-headed hydra grows two more!
You slice the 16-headed hydra!!
You kill the 16-headed hydra!
Trog accepts your kill.
You slash the yak!
You kill the yak!
Trog accepts your kill.
You slash the yak! The yak gores you.
* * * LOW HITPOINT WARNING * * *
You see here a hydra corpse.
Unknown command.
You slice the yak!!
The yak is almost dead.
You barely miss the yak. The yak barely misses you.
The yak gores you but does no damage.
You slash the yak!
You kill the yak!
Trog accepts your kill.
You closely miss the yak. The yak gores you.
You die...

**,♣♣.#### #####'##### *P...#
**#..### ###....# ****.## ##.P.#
##.+.⌠..# *,##... * #...#
#..##...# ###*#..... ♣* ##.P#
##......####.##.....* ≈##
#..#####...##............##*
♣P♣###.#..#P##...##....⌠....#*.##
≈≈≈..#.......'..Y.#........##....
...(...###P^##..@Y...⌠...⌠..#..#*
.....#.#.######.####.......#...#
♣...##..## ##.##....⌠....####
♣..###..## ######............##
######...###.##.....#####.#...##
#*#.####+.#........## ###....##
*P.......#.<....#.# ####.⌠...
##...........##.#.######..#...#.
##.....)...####.............#+...


You could see 2 yaks.

Vanquished Creatures
  A hydra (Lair:2)
  Erica (Orc:1)
  3 two-headed ogres
  4 spiny frogs
  A rime drake (Lair:1)
  2 komodo dragons
  A polar bear (Lair:2)
  A troll (D:6)
  A hippogriff (D:8)
  3 wraiths (D:9)
  2 wyverns
  3 yaks (Lair:2)
  Eustachio (D:5)
  A basilisk (Lair:1)
  5 vampire mosquitoes (Lair:2)
  2 wargs (D:9)
  A water moccasin (Lair:1)
  3 porcupines
  3 orc warriors
  A black bear (D:9)
  2 necrophages (D:9)
  2 phantoms
  2 ogres
  4 wolves (Lair:1)
  5 centaurs
  4 crocodiles (Lair:2)
  3 bullfrogs
  4 scorpions
  3 killer bees (D:7)
  10 wights
  A howler monkey (D:5)
  2 crimson imps (D:7)
  A quasit (D:9)
  3 human zombies (D:9)
  4 hounds
  10 orc priests
  A centaur skeleton (D:9)
  A bullfrog skeleton (D:5)
  10 orc wizards
  A human skeleton (D:9)
  An iguana (D:7)
  4 worker ants
  An ogre zombie (D:9)
  A mummy (D:9)
  6 adders
  3 shadow imps
  2 adder zombies (D:5)
  3 worms
  3 dart slugs
  6 leopard geckos
  25 orcs
  5 bats
  4 giant cockroaches
  5 goblins
  8 hobgoblins
  2 jackals (D:5)
  6 kobolds
  4 quokkas
  2 ball pythons
  2 frilled lizards
  A goblin skeleton (D:7)
  2 jackal zombies
  A kobold skeleton (D:7)
  A kobold zombie (D:7)
  A leopard gecko zombie (D:9)
  An orc zombie (D:7)
  2 quokka skeletons (D:4)
  3 rats
  A fungus (Lair:2)
219 creatures vanquished.

Notes
Turn   | Place    | Note
-------+----------+-------------------------------------------
     0 | D:1      | FastMan the Gargoyle Berserker began the quest for the Orb.
     0 | D:1      | Reached XP level 1. HP: 14/14 MP: 1/1
   154 | D:1      | Reached skill level 3 in Axes
   154 | D:1      | Reached XP level 2. HP: 18/19 MP: 2/2
   651 | D:2      | Reached XP level 3. HP: 19/24 MP: 3/3
   775 | D:2      | Found a stormy altar of Qazlal.
  1018 | D:2      | Reached ** piety under Trog
  1035 | D:2      | Reached XP level 4. HP: 27/29 MP: 4/4
  1035 | D:2      | Reached skill level 4 in Axes
  1805 | D:3      | Found an iron altar of Okawaru.
  2038 | D:4      | Found a basalt altar of Yredelemnul.
  2080 | D:4      | Found a staircase to the Ecumenical Temple.
  2211 | D:4      | Found a sand-covered staircase.
  2428 | D:5      | Entered Level 5 of the Dungeon
  2472 | D:5      | Reached XP level 5. HP: 30/34 MP: 5/5
  2534 | D:5      | Found a runed door.
  2534 | D:5      | Noticed a water moccasin
  2535 | D:5      | Noticed a water moccasin
  2535 | D:5      | Noticed a water moccasin
  2539 | D:5      | Found a runed gate.
  2539 | D:5      | Noticed a water moccasin
  2562 | D:5      | Found a runed gate.
  2562 | D:5      | Found a runed gate.
  2564 | D:5      | Noticed a soldier ant
  2569 | D:5      | Noticed Eustachio
  2570 | D:5      | Found a runed door.
  2605 | D:5      | Killed Eustachio
  2605 | D:5      | Reached skill level 5 in Fighting
  2605 | D:5      | Reached skill level 5 in Axes
  2605 | D:5      | Reached XP level 6. HP: 29/40 MP: 6/6
  3123 | D:6      | Reached skill level 6 in Axes
  3123 | D:6      | Reached XP level 7. HP: 44/44 MP: 7/7
  3328 | D:6      | Reached skill level 7 in Axes
  3328 | D:6      | Reached XP level 8. HP: 51/51 MP: 8/8
  3406 | D:6      | Noticed a troll
  3413 | D:6      | Killed a troll
  3596 | D:6      | Reached *** piety under Trog
  3605 | D:6      | Reached skill level 8 in Axes
  3653 | D:6      | Found a shattered altar of Ashenzari.
  4322 | D:6      | Found an ancient bone altar of Kikubaaqudgha.
  4495 | D:7      | Found a glowing golden altar of the Shining One.
  4648 | D:7      | Reached XP level 9. HP: 46/58 MP: 9/9
  4908 | D:7      | Reached skill level 9 in Axes
  4911 | D:7      | Found a sparkling altar of Nemelex Xobeh.
  5003 | D:8      | Noticed a two-headed ogre
  5013 | D:8      | Killed a two-headed ogre
  5086 | D:8      | Reached **** piety under Trog
  5089 | D:8      | Noticed a two-headed ogre
  5096 | D:8      | Killed a two-headed ogre
  5096 | D:8      | Reached skill level 10 in Axes
  5421 | D:8      | Reached XP level 10. HP: 66/66 MP: 10/10
  5628 | D:8      | Reached skill level 11 in Axes
  5885 | D:9      | Found a staircase to the Orcish Mines.
  6015 | D:9      | Noticed a two-headed ogre
  6046 | D:9      | Killed a two-headed ogre
  6046 | D:9      | Reached skill level 10 in Fighting
  6366 | D:9      | Found a staircase to the Lair.
  6799 | D:9      | Reached skill level 12 in Axes
  6941 | D:9      | Found an ancient bone altar of Kikubaaqudgha.
  7053 | Orc:1    | Entered Level 1 of the Orcish Mines
  7060 | Orc:1    | Reached XP level 11. HP: 64/73 MP: 11/11
  7094 | Orc:1    | Noticed Erica
  7102 | Orc:1    | Killed Erica
  7343 | Orc:1    | Reached ***** piety under Trog
  7420 | Lair:1   | Entered Level 1 of the Lair of Beasts
  7642 | Lair:1   | Reached skill level 13 in Axes
  8077 | Lair:2   | Found a staircase to the Swamp.
  8690 | Lair:2   | Noticed an eight-headed hydra
  8728 | Lair:2   | HP: 4/114 [15-headed hydra (12)]
  8729 | Lair:2   | Killed a 16-headed hydra
  8732 | Lair:2   | Slain by a yak

Vault maps used:
D:1:      dpeg_arrival_signposts, serial_park_tiny_pond
D:2:      grunt_qazlal_sundering, fountainhead
D:3:      overflow_temple_1_default
D:4:      cheibrodos_quashed, overflow_temple_1_default,
          minmay_temple_entry_glassed_door, nicolae_ossuary_entry_plus,
          first_bread, kennysheep_generic_room_15
D:5:      zin_treasury, minmay_guarded_unrand_staff_of_olgreb, uniq_eustachio
D:6:      marbit_many_paths, ashenzari_altar_1
D:7:      nemelex_xobeh_ov_fountains_minmay, nicolae_tso_besieged_by_evil
D:9:      erik_lair_orcish_takeover, david_orc_3,
          lemuel_mausoleum_altar_kikubaaqudgha
Lair:1:   nicolae_volcano_entry_s_turn, serial_bayou_shore_b
Lair:2:   minmay_swamp_entry_swarm, serial_bayou_ford_a, grunt_megastairs_4
Orc:1:    uniq_erica

Skill      XL: |  1  2  3  4  5  6  7  8  9 10 11 |
---------------+----------------------------------+-----
Axes           | 3 4 5 6 7 8 10 12 13 | 13.7
Fighting       | 4 5 6 7 9 10 11 | 11.9
Armour         | 3 |  3.5
Dodging        | |  1.5

Action                   |  1- 3 |  4- 6 |  7- 9 | 10-12 || total
-------------------------+-------+-------+-------+-------++-------
Melee: Hand axe          |   104 |   192 |       |       ||   296
       Broad axe         |       |     1 |    28 |       ||    29
       Battleaxe         |       |       |   107 |   316 ||   423
Invok: Berserk           |       |       |     7 |     7 ||    14
       Trog's Hand       |       |       |     2 |     2 ||     4
       Burn Spellbooks   |       |       |     1 |     1 ||     2
  Use: Scroll            |       |     7 |     5 |     9 ||    21
       Potion            |       |       |     1 |       ||     1
 Stab: Sleeping          |     2 |       |       |       ||     2
       Petrifying        |       |       |       |     1 ||     1
  Eat: Chunk             |     1 |     6 |     6 |     7 ||    20
       Bread ration      |       |       |     2 |     1 ||     3
       Meat ration       |       |       |       |     1 ||     1
Armor: Animal skin       |    10 |       |       |       ||    10
       Chain mail        |    60 |   122 |    96 |   313 ||   591
Dodge: Dodged            |    57 |    89 |    70 |   160 ||   376
